cohdb
Replays
Latest Replays
All Replays
Popular Replays
Top Player Replays
Match Explorer
How It Works
Community
CoH3 Stats
Reddit
Sign in to upload your games and track your stats! →
Sign in with Steam
Match 43005460
Unlisted
Match 43005460
Overview
Messages
Build Orders
End
Panzerpioneer Squad
Selects Armored Support Battlegroup
Panzergrenadier Squad
Construct Light Support Kompanie
Assault Grenadier Squad
MG34 Team
Construct Mechanized Kompanie
Support Armor Elements
Rapid Advance
Selects Salvage Kits
Selects Veteran Gunners
StuG III D Assault Gun
Tungsten Core Ammunition
Emergency Repair Kits
Selects Panzer Storm
Panzer Storm
Construct Panzerarmee Kommand
Advanced Optics
Armored Reserves
Veteran Squad Leaders
Panzer Storm
Advanced Field Repairs
Vehicle Survival Package
Combat Half-tracks
Panzerpioneer Squad
Panzerjäger Squad
Selects Stuka Dive Bomb
Stuka Dive Bomb
Tiger Heavy Tank
Stuka Dive Bomb
Panzer Storm
Stuka Dive Bomb
18-tonne Recovery Half-track
Selects Flammpanzer III Medium Tank
StuG Assault Group
2.5-tonne Medical Truck
Forward Retreat Point
Flammpanzer III Medium Tank
Stuka Dive Bomb
Panzer Storm
Stuka Dive Bomb
Tiger Heavy Tank
Flammpanzer III Medium Tank
TigerTR
Achilles Gaming @ YouTube
leão são marinho
l3geNDry
a9044661
Tjark
gUi
丿寒芒
0
0
Comments
sign in to comment!
No comments posted yet!